 Dungeon Crawl Stone Soup version 0.28-a0-305-g9e858e973b (webtiles) character file.

Game seed: 16702792809181633122

63823 dolemite99 the Severer (level 15, -20/135 HPs)
             Began as a Hill Orc Abyssal Knight on Aug 29, 2021.
             Was a High Priest of Lugonu.
             Killed from afar by a tengu conjurer (37 damage)
             ... with a bolt of lightning
             ... on level 13 of the Dungeon.
             The game lasted 00:51:41 (34956 turns).

dolemite99 the Severer (Hill Orc Abyssal Knight)   Turns: 34956, Time: 00:51:41

Health: -20/135    AC: 25    Str: 22    XL:     15   Next: 11%
Magic:  15/23      EV:  7    Int: 18    God:    Lugonu [*****.]
Gold:   179        SH:  0    Dex: 10    Spells: 14/14 levels left

rFire   + . .      SeeInvis .   b - +9 hunting sling of Watchfulness {flame, rN+}
rCold   + + +      Faith    +   (no shield)
rNeg    + . .      Spirit   .   G - +4 plate armour
rPois   .          Reflect  .   r - +2 helmet
rElec   .          Harm     .   j - scarf {rC+ rF+}
rCorr   .          Rampage  .   (no gloves)
Will    ++...                   (no boots)
Stlth   ..........              y - amulet of faith
HPRegen 0.32/turn               e - +4 ring of protection {=R}
MPRegen 0.18/turn               l - ring of Cixtufo {rC++ Will+ Int+6}

@: studying Throwing
A: no striking features
a: Renounce Religion, Depart the Abyss, Bend Space, Banish, Corrupt, Enter the
Abyss


You were on level 13 of the Dungeon.
You worshipped Lugonu.
Lugonu was extremely pleased with you.
You visited 3 branches of the dungeon, and saw 21 of its levels.
You visited the Abyss 2 times.

You collected 2157 gold pieces.
You spent 1978 gold pieces at shops.

Inventory:

Hand Weapons
 a - a +7 battleaxe of flaming
 b - the +9 hunting sling of Watchfulness (weapon) {flame, rN+}
   (You found it on level 9 of the Dungeon)

   Any ammunition fired from it burns those it strikes, dealing additional fire
   damage.
   rN:        It protects you from negative energy.
 u - a +2 hand axe
 N - a +0 vorpal broad axe
Missiles
 k - 9 javelins
 n - 146 stones (quivered ammo)
 B - 13 sling bullets
 D - 41 poisoned darts
Armour
 j - a scarf of resistance (worn)
 r - a +2 helmet (worn)
 F - a +3 chain mail of fire resistance
 G - a +4 plate armour (worn)
Jewellery
 e - a +4 ring of protection (left hand) {=R}
 h - a +4 ring of protection
 l - the ring of Cixtufo (right hand) {rC++ Will+ Int+6}
   (You bought it in a shop on level 8 of the Dungeon)

   [ring of intelligence]

   Int:       It affects your intelligence (+6).
   rC:        It greatly protects you from cold.
   Will:      It increases your willpower.
 y - an amulet of faith (around neck)
Wands
 H - a wand of digging (10)
 P - a wand of iceblast (29)
 S - a wand of acid (5)
 U - a wand of mindburst (19)
Scrolls
 c - 3 scrolls of magic mapping
 d - a scroll of holy word
 f - 6 scrolls of identify {@r1}
 x - a scroll of silence
 A - 2 scrolls of teleportation
 E - 2 scrolls of amnesia
 I - 4 scrolls of enchant armour
 L - a scroll of fog
 V - a scroll of blinking
Potions
 g - a potion of resistance
 i - 6 potions of attraction
 o - 4 potions of haste
 p - 2 potions of mutation
 q - 6 potions of brilliance
 t - 2 potions of flight
 w - 4 potions of lignification
 z - 12 potions of curing
 C - 5 potions of cancellation {unknown}
 J - 3 potions of invisibility {unknown}
 R - 3 potions of heal wounds
Miscellaneous
 W - a phial of floods (inert)


   Skills:
 + Level 13.0 Fighting
 - Level 19.0(19.7) Axes
 - Level 8.2(13.3) Maces & Flails
 - Level 8.6(10.7) Slings
 - Level 10.2(11.4) Throwing
 - Level 9.5 Armour
 - Level 0.7 Dodging
 - Level 10.8 Invocations


You had 14 spell levels left.
You didn't know any spells.
Your spell library contained the following spells:

 Spells                   Type           Power      Damage    Failure   Level
 Foxfire                  Conj/Fire      0%         2x1d4     97%         1
 Ensorcelled Hibernation  Hex/Ice        0%         N/A       99%         2
 Static Discharge         Conj/Air       0%         N/A       99%         2
 Sublimation of Blood     Necr           0%         N/A       99%         2
 Wereblood                Tmut           0%         N/A       99%         2
 Conjure Flame            Conj/Fire      0%         6-21      100%        3
 Frozen Ramparts          Ice            0%         1d2       100%        3
 Gell's Gravitas          Tloc           0%         N/A       100%        3
 Ignite Poison            Fire/Tmut/Pois 0%         N/A       100%        3
 Inner Flame              Hex/Fire       0%         N/A       100%        3
 Lesser Beckoning         Tloc           0%         N/A       100%        3
 Mephitic Cloud           Conj/Pois/Air  0%         N/A       100%        3
 Spider Form              Tmut/Pois      0%         N/A       100%        3
 Teleport Other           Tloc           0%         N/A       100%        3
 Cause Fear               Hex            0%         N/A       100%        4
 Ice Form                 Ice/Tmut       0%         N/A       100%        4
 Leda's Liquefaction      Hex/Erth       0%         N/A       100%        4
 Summon Ice Beast         Ice/Summ       0%         N/A       100%        4
 Bolt of Magma            Conj/Fire/Erth 0%         4d4       100%        5
 Lightning Bolt           Conj/Air       0%         1d11      100%        5
 Summon Forest            Summ/Tloc      0%         N/A       100%        5
 Eringya's Noxious Bog    Tmut/Pois      0%         N/A       100%        6
 Statue Form              Tmut/Erth      0%         N/A       100%        6
 Summon Hydra             Summ           0%         N/A       100%        7
 Borgnjor's Revivificati  Necr           0%         N/A       100%        8
 Discord                  Hex            0%         N/A       100%        8
 Maxwell's Capacitive Co  Air            0%         ∞         100%        8
 Necromutation            Tmut/Necr      0%         N/A       100%        8
 Death's Door             Necr           0%         N/A       100%        9


Dungeon Overview and Level Annotations

Branches:
Dungeon (13/15)            Temple (0/1) D:4            Lair (6/6) D:9
 Shoals (0/4) Lair:3        Snake (0/4) Lair:2        Slime (0/5) Lair:6
    Orc (2/2) D:12            Elf (0/3) Orc:2
 Vaults: D:13-14

Altars:
Ashenzari
Cheibriados
Elyvilon
Hepliaklqana
Makhleb
Nemelex Xobeh
Okawaru
Sif Muna
Trog
Wu Jian
Yredelemnul
Beogh

Shops:
D:1 *   D:7 (   D:8 =   Orc:2 (=:?

Annotations:
D:12 corrupted
Lair:1 3 runed translucent doors, voltaire321's ghost, journeyman KoCj
Lair:3 corrupted
Lair:4 corrupted
Orc:2 corrupted
Abyss:1 Snorg


Message History

You shoot a stone.
The stone barely misses the centaur warrior.
The centaur warrior shoots an arrow.
The arrow hits you but does no damage.
You shoot a stone. The stone hits the centaur warrior!
The stone burns the centaur warrior.
The centaur warrior is heavily wounded.
The centaur warrior shoots an arrow.
The arrow hits you!
You shoot a stone.
The stone barely misses the centaur warrior.
The centaur warrior shoots an arrow.
The arrow hits you but does no damage.
You hear a shout!
You shoot a stone. The stone hits the centaur warrior.
The stone burns the centaur warrior.
The centaur warrior is heavily wounded.
The centaur warrior shoots an arrow.
The arrow hits you.
A tengu conjurer comes into view.
Press: ? - help, Shift-Dir - straight line, f/p - centaur warrior
Aim: a centaur warrior, wielding a +0 shortbow and quivering arrows (heavily wounded, chance to affect: 75%)
The centaur warrior struggles to resist.
A yaktaur comes into view.
Press: ? - help, Shift-Dir - straight line, f/p - centaur warrior
Aim: a centaur warrior, wielding a +0 shortbow and quivering arrows (heavily wounded, chance to affect: 75%)
The centaur warrior struggles to resist.
The centaur warrior shoots an arrow.
The arrow hits you.
A yaktaur comes into view.
A yaktaur captain comes into view.
The yaktaur wields a +0 arbalest.
The yaktaur shoots a bolt.
The bolt hits you!!
The tengu conjurer gestures at you while chanting.
The bolt of lightning hits you!!
* * * LOW HITPOINT WARNING * * *
The centaur warrior shoots an arrow.
The arrow hits you!
* * * LOW HITPOINT WARNING * * *
Okay, then.
Blink to where?
Press: ? - help, Dir - move target, p - centaur warrior
As you read the scroll of blinking, it crumbles to dust.
The centaur warrior shoots an arrow.
The arrow hits you but does no damage.
The tengu conjurer casts a spell at you.
The bolt of lightning hits you!!!
You die...

###########:.#
............. ...........#
.........c. #........c.
#........c( #........c.
#..§.....Q. #.@........
###############.†........
........)................
.........................
#####..#################.
#..# #
#####..#################..#
.................)).......#
.................))).......


You could see a yaktaur captain, a centaur warrior, 2 yaktaurs and a tengu
conjurer.

Vanquished Creatures
  Fannar (D:12)
  Erolcha (D:12)
  A boulder beetle (D:12)
  3 hydras
  A centaur warrior (D:13)
  A merfolk avatar (Lair:6)
  2 two-headed ogres
  7 death yaks
  4 orc high priests (Orc:2)
  Urug (Lair:4)
  A sea snake (Lair:6)
  5 skeletal warriors (D:13)
  2 harpies (Lair:6)
  2 orc sorcerers (Orc:2)
  2 manticores (Lair:6)
  An oklob plant (Lair:2)
  An ugly thing (D:12)
  2 cyclopes
  7 elephants (Lair:6)
  5 black mambas
  9 cane toads
  2 torpor snails (Lair:6)
  3 rime drakes (Lair:6)
  A kobold demonologist (D:10)
  Psyche (D:11)
  3 komodo dragons
  3 trolls
  A wind drake (Lair:6)
  16 blink frogs
  2 polar bears
  A snapping turtle (Lair:6)
  4 slime creatures
  A shadow (D:9)
  8 wyverns
  2 wraiths
  A fire elemental (D:12)
  A hog (shapeshifter) (D:12)
  A human (D:6)
  42 yaks
  2 basilisks
  4 steam dragons (Lair:6)
  4 vampire mosquitoes
  13 water moccasins
  An acid dragon (D:9)
  A hell hound (D:12)
  A necrophage (D:6)
  15 orc warriors
  A sky beast (D:7)
  4 black bears (D:9)
  27 wolves
  7 ogres
  5 centaurs
  A phantom (D:5)
  6 kobold brigands
  8 bullfrogs
  A gnoll sergeant (D:8)
  3 scorpions
  A water moccasin zombie (D:6)
  16 killer bees
  5 electric eels
  3 howler monkeys
  3 centaur zombies
  26 orc priests
  14 jellies
  4 hounds
  38 orc wizards
  5 iguanas
  Natasha (D:3)
  5 hell rats (Lair:6)
  2 killer bee zombies
  A howler monkey zombie (D:7)
  15 gnolls
  7 adders
  4 river rats (D:5)
  2 shadow imps (D:5)
  A white imp (D:5)
  2 adder skeletons
  3 worms
  A dart slug (D:4)
  51 orcs
  4 endoplasms
  4 giant cockroaches
  8 goblins
  8 hobgoblins
  3 quokkas (D:1)
  5 ball pythons
  6 bats
  5 frilled lizards
  23 kobolds
  4 rats
536 creatures vanquished.

Vanquished Creatures (collateral kills)
  2 humans (D:6)
  3 yaks
  An orc warrior (D:8)
  An ogre (Orc:2)
  A hound (D:6)
  An orc priest (D:8)
  2 orc wizards
  An orc (Orc:2)
  A kobold (D:10)
13 creatures vanquished.

Vanquished Creatures (others)
  Azrael (D:12)
  3 hydras (Lair:3)
  A catoblepas (Lair:4)
  A swamp dragon (Lair:3)
  2 orc sorcerers (Orc:2)
  2 orc knights (Orc:2)
  An ugly thing (D:12)
  A black mamba (Lair:3)
  A cane toad (Lair:3)
  A basilisk (Lair:3)
  3 yaks (Lair:4)
  3 fire elementals (D:12)
  2 vampire mosquitoes (Lair:3)
  2 wargs (Orc:2)
  2 water moccasins
  3 hell hounds (D:12)
  2 swamp drakes (Lair:3)
  8 orc warriors
  2 ogres (Orc:2)
  4 wolves (Lair:4)
  A centaur (D:12)
  A bullfrog (Lair:4)
  A gnoll sergeant (D:12)
  4 orc priests
  6 orc wizards
  3 gnolls (D:12)
  11 orcs
  68 fungi
  114 plants
  18 starspawn tentacles
272 creatures vanquished.

Grand Total: 821 creatures vanquished

Notes
Turn   | Place    | Note
-------+----------+-------------------------------------------
     0 | Abyss:1  | dolemite99 the Hill Orc Abyssal Knight began the quest for
                  | the Orb.
     0 | Abyss:1  | Reached XP level 1. HP: 19/19 MP: 2/2
    72 | Abyss:2  | Noticed a hornet
    72 | Abyss:2  | a shapeshifter changed into a hornet
    73 | D:1      | Escaped the Abyss
   232 | D:1      | Reached skill level 3 in Axes
   404 | D:1      | Reached XP level 2. HP: 25/26 MP: 3/3
   524 | D:1      | Reached * piety under Lugonu
   532 | D:1      | Found Gupill's Assorted Antiques.
   611 | D:1      | Reached skill level 4 in Axes
   780 | D:1      | Bought a scroll labelled EZID SEAXOMA for 20 gold pieces
  1528 | D:1      | Bought a scroll labelled NUIJYADDYUTHI for 20 gold pieces
  1876 | D:2      | Reached XP level 3. HP: 31/31 MP: 4/4
  2414 | D:2      | Reached skill level 5 in Axes
  3315 | D:2      | Reached XP level 4. HP: 25/39 MP: 5/5
  3900 | D:2      | Reached skill level 6 in Axes
  4112 | D:1      | Bought a scroll of identify for 40 gold pieces
  4354 | D:3      | Found a faded altar of an unknown god.
  5105 | D:3      | Reached ** piety under Lugonu
  5106 | D:3      | Reached XP level 5. HP: 45/45 MP: 6/6
  5124 | D:3      | Reached skill level 7 in Axes
  5452 | D:3      | Noticed Natasha
  5458 | D:3      | Killed Natasha
  5920 | D:4      | Reached skill level 8 in Axes
  5940 | D:4      | Reached XP level 6. HP: 47/51 MP: 7/7
  6000 | D:4      | Found a staircase to the Ecumenical Temple.
  6067 | D:4      | Identified a scroll of acquirement
  6067 | D:4      | Acquired a manual of Throwing
  6163 | D:4      | Reached skill level 1 in Throwing
  6470 | D:4      | Found a hazy altar of Hepliaklqana.
  6751 | D:1      | Bought a bubbling black potion for 18 gold pieces
  6802 | D:5      | Entered Level 5 of the Dungeon
  6812 | D:5      | Reached XP level 7. HP: 26/57 MP: 8/8
  7027 | D:5      | Reached skill level 5 in Throwing
  7797 | D:5      | Noticed a yak
  7815 | D:5      | Killed a yak
  7816 | D:5      | Reached XP level 8. HP: 52/64 MP: 10/10
  8027 | D:1      | Bought a war axe for 70 gold pieces
  8097 | D:5      | Found the +2 ratskin cloak {*Rats rPois rN+ Str-1 Int-1
                  | Dex+1}
  8165 | D:5      | Reached *** piety under Lugonu
  8185 | D:5      | Reached skill level 9 in Axes
  8855 | D:5      | Noticed a yak
  8885 | D:5      | Killed a yak
  8941 | D:5      | Noticed a yak
  8943 | D:5      | Noticed a yak
  8943 | D:5      | Noticed a yak
  8943 | D:5      | Noticed a yak
  8988 | D:4      | Killed a yak
  8989 | D:4      | Reached skill level 5 in Invocations
  8990 | D:4      | Killed a yak
  8994 | D:4      | Killed a yak
  8995 | D:4      | Reached skill level 10 in Axes
  8995 | D:4      | Reached XP level 9. HP: 21/70 MP: 11/13
  9679 | D:5      | Found a sparkling altar of Nemelex Xobeh.
  9809 | D:6      | Reached skill level 10 in Throwing
 10511 | D:6      | Reached skill level 11 in Axes
 10831 | D:5      | Reached XP level 10. HP: 41/77 MP: 16/16
 10841 | D:5      | Reached skill level 12 in Axes
 12039 | D:6      | Reached skill level 1 in Maces & Flails
 12229 | D:7      | Found Sazuwnoh's Antique Weapon Emporium.
 12358 | D:7      | Reached **** piety under Lugonu
 12812 | D:7      | Found a shimmering blue altar of Sif Muna.
 12936 | D:7      | Found a burning altar of Makhleb.
 13078 | D:7      | Found an iron altar of Okawaru.
 13085 | D:7      | Found a snail-covered altar of Cheibriados.
 13242 | D:8      | Found Hemyol's Jewellery Shop.
 13271 | D:8      | Reached skill level 5 in Maces & Flails
 13415 | D:8      | Found a broken altar of Ashenzari.
 13422 | D:8      | You fall into a shaft and drop 2 floors!
 13422 | D:10     | Entered Level 10 of the Dungeon
 14162 | D:10     | Noticed a two-headed ogre
 14172 | D:10     | Banished a two-headed ogre
 14244 | D:10     | Noticed a two-headed ogre
 14250 | D:10     | Banished a two-headed ogre
 14251 | D:10     | Reached skill level 10 in Invocations
 14251 | D:10     | Reached XP level 11. HP: 84/84 MP: 9/18
 14339 | D:10     | Noticed a two-headed ogre
 14543 | D:8      | Found a white marble altar of Elyvilon.
 15671 | D:9      | Found an ornate altar of the Wu Jian Council.
 15740 | D:9      | Reached skill level 5 in Fighting
 15742 | D:9      | Identified the +9 hunting sling of Watchfulness {flame,
                  | rN+}
 16119 | D:8      | Reached skill level 1 in Slings
 16624 | D:9      | Found a staircase to the Lair.
 16747 | D:9      | Found a basalt altar of Yredelemnul.
 16910 | D:7      | Bought a broad axe for 92 gold pieces
 17377 | D:10     | Killed a two-headed ogre
 17378 | D:10     | Reached skill level 5 in Slings
 17406 | D:10     | Reached ***** piety under Lugonu
 17786 | D:10     | Noticed a centaur warrior
 17792 | D:10     | Banished a centaur warrior
 18104 | D:10     | Found a bloodstained altar of Trog.
 18426 | D:11     | Reached XP level 12. HP: 93/95 MP: 20/20
 18578 | D:11     | Noticed Psyche
 18582 | D:11     | Killed Psyche
 18638 | D:11     | Noticed a two-headed ogre
 18656 | D:11     | Killed a two-headed ogre
 19236 | D:12     | Noticed a boulder beetle
 19270 | D:12     | Killed a boulder beetle
 19354 | D:12     | Noticed Azrael
 19363 | D:12     | Corrupted D:12
 19363 | D:12     | Noticed a bone dragon
 19363 | D:12     | Noticed a starcursed mass
 19363 | D:12     | Found a staircase to the Orcish Mines.
 19415 | D:12     | Reached skill level 5 in Armour
 19421 | D:12     | Noticed a starcursed mass
 19422 | D:12     | Killed Azrael
 19851 | D:12     | Noticed Fannar
 19855 | D:12     | Noticed Snorg
 19865 | D:12     | Killed Fannar
 19869 | D:12     | Banished Snorg
 19991 | D:12     | Noticed Erolcha
 20020 | D:12     | Cast into level 1 of the Abyss (Erolcha)
 20021 | D:12     | Escaped the Abyss
 20022 | D:12     | Killed Erolcha
 20179 | D:12     | Found a roughly hewn altar of Beogh.
 20262 | D:12     | Found a bloodstained altar of Trog.
 20834 | Lair:1   | Entered Level 1 of the Lair of Beasts
 20941 | Lair:1   | Found a runed translucent gate.
 20941 | Lair:1   | Found a runed translucent gate.
 20941 | Lair:1   | Found a runed translucent gate.
 20942 | Lair:1   | Noticed voltaire321's ghost (journeyman KoCj)
 21065 | Lair:1   | Reached XP level 13. HP: 111/111 MP: 21/21
 21401 | Lair:1   | Reached skill level 10 in Fighting
 23011 | Lair:2   | Reached skill level 13 in Axes
 23318 | Lair:2   | Found a staircase to the Snake Pit.
 24097 | Lair:2   | Reached skill level 14 in Axes
 24412 | Lair:3   | Corrupted Lair:3
 24412 | Lair:3   | Noticed a cacodemon
 24412 | Lair:3   | Noticed a tentacled starspawn
 24412 | Lair:3   | Noticed a lich
 25127 | Lair:3   | Found a staircase to the Shoals.
 25337 | Lair:4   | Noticed Urug
 25359 | Lair:4   | Killed Urug
 26069 | Lair:4   | Reached skill level 15 in Axes
 26148 | Lair:4   | Corrupted Lair:4
 26148 | Lair:4   | Noticed a tentacled starspawn
 26148 | Lair:4   | Noticed a starcursed mass
 26148 | Lair:4   | Noticed a starcursed mass
 26148 | Lair:4   | Noticed a lich
 26149 | Lair:4   | Noticed a starcursed mass
 27396 | Lair:5   | Reached XP level 14. HP: 122/122 MP: 22/22
 27571 | Lair:5   | Reached skill level 16 in Axes
 28297 | Lair:6   | Entered Level 6 of the Lair of Beasts
 28373 | Lair:6   | Found a staircase to the Slime Pits.
 28389 | Lair:6   | Reached skill level 17 in Axes
 29467 | Lair:6   | Reached skill level 18 in Axes
 31221 | Orc:1    | Entered Level 1 of the Orcish Mines
 31418 | Orc:2    | Entered Level 2 of the Orcish Mines
 31433 | Orc:2    | Reached skill level 19 in Axes
 31435 | Orc:2    | Corrupted Orc:2
 31435 | Orc:2    | Noticed a starcursed mass
 31435 | Orc:2    | Noticed a tentacled starspawn
 31435 | Orc:2    | Noticed a deep elf demonologist
 31435 | Orc:2    | Noticed a lich
 31435 | Orc:2    | Noticed a starcursed mass
 31435 | Orc:2    | Noticed a starcursed mass
 31436 | Orc:2    | Noticed a tentacled starspawn
 31443 | Orc:2    | Noticed a balrug
 31462 | Orc:2    | Noticed a tentacled starspawn
 31489 | Orc:2    | Noticed a tentacled starspawn
 31527 | Orc:2    | Found a staircase to the Elven Halls.
 31529 | Orc:2    | Noticed a tentacled starspawn
 33611 | D:8      | Bought the ring of Cixtufo {rC++ Will+ Int+6} for 1151 gold
                  | pieces
 33862 | Orc:2    | Found a roughly hewn altar of Beogh.
 33988 | Orc:2    | Found Girphubb's Antique Weapon Boutique.
 33988 | Orc:2    | Found Finud's Jewellery Boutique.
 33994 | Orc:2    | Found Qukhlac's Book Shop.
 33994 | Orc:2    | Found Hinkotuiru's Magic Scroll Shop.
 34268 | Orc:2    | Bought 3 scrolls of enchant weapon for 315 gold pieces
 34268 | Orc:2    | Bought a scroll of enchant armour for 105 gold pieces
 34268 | Orc:2    | Bought a scroll of blinking for 105 gold pieces
 34268 | Orc:2    | Bought a scroll of teleportation for 42 gold pieces
 34408 | D:13     | Reached XP level 15. HP: 118/133 MP: 23/23
 34956 | D:13     | Killed from afar by a tengu conjurer

Illustrated notes

Levels and vault maps discovered:
D:1:      nicolae_arrival_somewhat_less_tricky_arrival, layout_basic,
          serial_shops, nicolae_shop_overgrown_old_shop
D:2:      layout_basic, minmay_misc_feat_square
D:3:      layout_loops_ring, shapermc_ecumenical_altar_totnotflames,
          st_stairs_1, serial_bayou_lagoon_b, uniq_natasha
D:4:      layout_rooms, mainiacjoe_overflow_alcove_1, minmay_temple_entry_tees,
          kennysheep_generic_room_13
D:5:      wad_woods_tower, layout_layer_cave, nemelex_dance_club_becter
D:6:      layout_gridville, nicolae_lava_and_water, minmay_ruffians
D:7:      layout_cave_pools, lemuel_round_altar,
          amethyst_overflow_temple_binary, kennysheep_orc_sif_temple,
          serial_column_ruins, column_ruins_hut, column_ruins_square_small,
          column_ruins_open_small, column_ruins_columns_straight,
          column_ruins_grid_1, column_ruins_open_tiny_water,
          column_ruins_corridor_straight, column_ruins_columns_T,
          column_ruins_columns_T, serial_shops, nicolae_stop_n_shop_2
D:8:      layout_basic, mainiacjoe_overflow_small_starburst,
          mainiacjoe_overflow_brackets, serial_shops, nicolae_take_the_stairs,
          minmay_microvault
D:9:      layout_gridville, mainiacjoe_overflow_boulevard,
          mainiacjoe_overflow_catwalk, due_lair_maze_entry_diamond
D:10:     minmay_flawed_box, layout_irregular_city, trog_book
D:11:     layout_grid_maze, uniq_psyche
D:12:     layout_basic, minmay_orc_entry_temple_small, trog_butcher_becter,
          uniq_snorg, uniq_azrael, uniq_erolcha, uniq_fannar
D:13:     layout_long_grid, david_vaults_2, enter_trove_2, serial_shops, shop,
          nicolae_shop_trees, shop, shop, nicolae_diamond_shop,
          gammafunk_ghost_smash, minmay_hidden_floor, uniq_maurice
Lair:1:   layout_regular_city, gammafunk_ghost_necromancy,
          minmay_stone_trees_small, grunt_forest_large_clearings
Lair:2:   layout_gridlike, dummy_snake_entry, minmay_lair_oklob_items,
          serial_bayou_lake_a
Lair:3:   layout_cave_shapes, elwin_shoals_entry_rooms, pond
Lair:4:   layout_hall_layers, uniq_urug
Lair:5:   layout_hall_layers, infiniplex_staircase_pool_2, uniq_sonja
Lair:6:   gammafunk_lair_ancient_temple, layout_gridlike,
          minmay_slime_entry_jelly_boxes
Orc:1:    layout_caves, enter_bailey_5, nicolae_orc_sculptors_studio
Orc:2:    st_orc_mages, layout_caves, basic_altar

Skill      XL: |  1  2  3  4  5  6  7  8  9 10 11 12 13 14 15 |
---------------+----------------------------------------------+-----
Axes           | 3 4 5 6 8 10 11 12 15 19 | 19.0
Throwing       | 4 7 9 10 | 10.2
Invocations    | 3 6 9 10 | 10.8
Maces & Flails | 7 8 |  8.2
Fighting       | 4 5 9 10 12 13 | 13.0
Armour         | 3 4 8 9 |  9.5
Slings         | 7 8 |  8.6
Dodging        | |  0.7

Action                   |  1- 3 |  4- 6 |  7- 9 | 10-12 | 13-15 || total
-------------------------+-------+-------+-------+-------+-------++-------
Melee: Hand axe          |   102 |   158 |   115 |       |       ||   375
       War axe           |       |       |   133 |    40 |       ||   173
       Whip              |       |       |       |   364 |   131 ||   495
       Hunting sling     |       |       |       |       |     1 ||     1
       Battleaxe         |       |       |       |       |   161 ||   161
 Fire: Hunting sling     |       |    76 |       |   407 |   780 ||  1263
Throw: Dart              |    39 |    30 |    43 |    67 |     9 ||   188
       Stone             |     2 |       |    37 |     7 |       ||    46
Invok: Depart the Abyss  |     1 |       |       |     1 |       ||     2
       Banish            |       |       |     1 |    10 |     8 ||    19
       Bend Space        |       |       |       |     1 |     5 ||     6
       Corrupt           |       |       |       |     1 |     3 ||     4
Evoke: Wand              |       |       |       |       |     3 ||     3
       Phial of floods   |       |       |       |       |     1 ||     1
  Use: Scroll            |     5 |     8 |     4 |    12 |    12 ||    41
       Potion            |     2 |       |     2 |     4 |    10 ||    18
 Stab: Distracted        |       |       |       |     1 |     1 ||     2
Armor: Scale mail        |    38 |       |       |       |       ||    38
       Plate armour      |    34 |   166 |   180 |   523 |   428 ||  1331
       Skin              |       |       |    38 |       |       ||    38
Dodge: Dodged            |    46 |    39 |    52 |   152 |   165 ||   454

Table legend: (Time is in decaauts)
 A = Elapsed time spent in this place.
 B = Non-inter-level travel time spent in this place.
 C = Inter-level travel time spent in this place.
 D = Time resting spent in this place.
 E = Time spent auto-exploring this place.
 F = Levels seen in this place.
 G = Mean time per level.
                   A        B        C        D        E       F      G
               +--------+--------+--------+--------+--------+-----+--------+
         Total |  34397 |  32537 |   1860 |  12372 |  14047 |  24 | 1433.2 |
       Dungeon |  21358 |  19980 |   1378 |   7987 |   8433 |  13 | 1642.9 |
          Lair |  10059 |   9704 |    355 |   3650 |   4271 |   6 | 1676.5 |
  Orcish Mines |   2905 |   2778 |    127 |    735 |   1297 |   2 | 1452.5 |
         Abyss |     73 |     73 |      0 |      0 |     46 |   3 |   24.3 |
               +--------+--------+--------+--------+--------+-----+--------+

Top non-repeatable levels by time:
     D:5: 3166 daAuts
  Lair:6: 2497 daAuts
     D:1: 2426 daAuts
   Orc:2: 2157 daAuts
  Lair:3: 1912 daAuts
  Lair:2: 1806 daAuts
    D:10: 1806 daAuts
     D:2: 1725 daAuts
     D:9: 1716 daAuts
     D:6: 1685 daAuts
  Lair:1: 1611 daAuts
     D:3: 1592 daAuts
     D:4: 1521 daAuts
    D:11: 1475 daAuts
    D:12: 1458 daAuts
